[Event "CRO-ch Youth U17 2020"]
[Site "Vinkovci"]
[Date "2020.07.28"]
[Round "1.1"]
[White "Domovic, Ognjen"]
[Black "Karlusic, Luka"]
[Result "0-1"]
[ECO "B24"]
[WhiteElo "1634"]
[BlackElo "2169"]
[Annotator "NA"]
[PlyCount "60"]
[EventDate "2020.07.28"]
[EventType "swiss"]
[EventCountry "CRO"]
[SourceTitle "playchess.com"]
[Source "ChessBase"]
[SourceQuality "1"]
[TimeControl "5400+30"]

1. e4 c5 2. Nc3 e6 3. g3 d5 4. exd5 exd5 5. Bg2 Nf6 6. Nge2 Nc6 7. d4 cxd4 8. Nxd4 Bg4 9. Nf3 {[%emt 0:02:00] B24: Closed Sicilian: 3 g3 sidelines.} d4 10. Ne2 Bc5 11. O-O O-O 12. Nf4 Re8 {[%emt 0:03:30] [#]} 13. Nd3 $146 ({Predecessor:} 13. h3 Bf5 14. Nd3 Bb6 15. Bf4 Bc7 16. a3 Bxf4 17. Nxf4 Qd7 18. Kh2 Rad8 19. Nd3 {0-1 (35) Samuels,E (1332)-Mowzer,M (1640) Waterkloof 2015}) 13... Bb6 14. Bf4 Nd5 15. h3 {[%emt 0:03:30] [#]} Bf5 (15... Ne3 $1 $17 16. Bxe3 (16. fxe3 dxe3 17. Bxe3 Rxe3 $17) 16... dxe3 17. fxe3 Bf5) 16. Nfe1 Ba5 17. Qh5 (17. Bd2 $11 {keeps the balance.}) 17... g6 18. Qf3 Be4 19. Qg4 h5 20. Qg5 (20. Qd1 $1 $15) 20... Bxg2 21. Kxg2 (21. Qxd8 $15 Raxd8 22. Nxg2) 21... Qxg5 22. Bxg5 f6 23. Bf4 Re2 24. a3 $17 Bxe1 25. Nxe1 Rae8 26. Rc1 g5 27. Bd6 Ne3+ 28. Kg1 Nxf1 29. Kxf1 R2e6 30. Bc5 b6 0-1

[Event "CRO-ch Youth U17 2020"]
[Site "Vinkovci"]
[Date "2020.07.28"]
[Round "1.2"]
[White "Dabic, Stjepan"]
[Black "Markovic, Marko"]
[Result "1-0"]
[ECO "D35"]
[WhiteElo "2120"]
[BlackElo "2232"]
[Annotator "ChessBase"]
[PlyCount "63"]
[EventDate "2020.07.28"]
[EventType "swiss"]
[EventCountry "CRO"]
[SourceTitle "playchess.com"]
[Source "ChessBase"]
[SourceQuality "1"]
[TimeControl "5400+30"]

1. d4 d5 2. c4 e6 3. Nc3 Nf6 4. cxd5 exd5 5. Bg5 Be6 6. e3 c6 7. Bd3 Nbd7 8. Nge2 h6 9. Bh4 Bd6 10. Rc1 O-O 11. O-O Bxh2+ 12. Kh1 Bc7 13. f3 g5 14. Bf2 Nh5 15. e4 dxe4 16. fxe4 Bg4 17. Qb3 Bb6 18. Bc4 Kg7 19. Kg1 f5 20. e5 f4 21. Be6 Bxe6 22. Qxe6 Kh7 23. Ne4 Ng7 24. Qh3 Nf5 25. e6 Qe7 26. N2c3 Nxd4 27. exd7 Ne2+ 28. Nxe2 Bxf2+ 29. Nxf2 Qxe2 30. Rce1 Qxb2 31. Re7+ Kg8 32. Qe6+ 1-0

[Event "CRO-ch Youth U17 2020"]
[Site "Vinkovci"]
[Date "2020.07.28"]
[Round "1.3"]
[White "Milinkovic, Dominik"]
[Black "Mazuran, Gabrijel"]
[Result "0-1"]
[ECO "B47"]
[WhiteElo "1626"]
[BlackElo "2053"]
[Annotator "ChessBase"]
[PlyCount "44"]
[EventDate "2020.07.28"]
[EventType "swiss"]
[EventCountry "CRO"]
[SourceTitle "playchess.com"]
[Source "ChessBase"]
[SourceQuality "1"]
[TimeControl "5400+30"]

1. e4 c5 2. Nf3 e6 3. d4 cxd4 4. Nxd4 Nc6 5. Nc3 Qc7 6. Nxc6 bxc6 7. f4 d5 8. Bd3 Bc5 9. Qe2 Ne7 10. Bd2 a5 11. f5 d4 12. Na4 Bd6 13. g4 Bd7 14. b3 c5 15. Nb2 Nc6 16. O-O-O a4 17. Nxa4 O-O 18. h3 Ne5 19. Bb5 d3 20. Bxd3 Bxa4 21. bxa4 c4 22. Bh6 cxd3 0-1

[Event "CRO-ch Youth U17 2020"]
[Site "Vinkovci"]
[Date "2020.07.28"]
[Round "1.4"]
[White "Levacic, Matej"]
[Black "Mudrinic, Aleksandar"]
[Result "1-0"]
[ECO "D37"]
[WhiteElo "2040"]
[BlackElo "1612"]
[Annotator "NA"]
[PlyCount "75"]
[EventDate "2020.07.28"]
[EventType "swiss"]
[EventCountry "CRO"]
[SourceTitle "playchess.com"]
[Source "ChessBase"]
[SourceQuality "1"]
[TimeControl "5400+30"]

1. d4 d5 2. Nf3 Nf6 3. c4 e6 4. Nc3 Be7 5. Bf4 O-O 6. e3 b6 7. Bd3 Bb7 8. O-O {[%emt 0:00:30] 8.0-0 scores better than 8.cxd5.} h6 {[%emt 0:01:30] D37: Queen's Gambit Declined: 5 Bf4.} 9. Rc1 c5 {[%emt 0:05:30] [#]} 10. cxd5 $146 ({Predecessor:} 10. dxc5 Bxc5 11. a3 Nh5 12. Be5 Nd7 13. cxd5 exd5 14. Bd4 Bxd4 15. Nxd4 Nhf6 16. Bf5 {½-½ (47) Nguyen,T (2066)-Nguyen,T (1796) Ho Chi Minh 2017}) 10... Nxd5 11. Nxd5 Bxd5 12. Bb1 f5 13. Qe2 Nd7 14. Rfd1 Qe8 15. Bg3 Nf6 16. Ne5 Nh5 17. e4 Nxg3 18. hxg3 fxe4 19. Bxe4 Bd6 20. Bb1 Bxe5 21. Qxe5 Qf7 22. f3 c4 23. a4 Qf6 24. Qe2 a6 25. Qc2 b5 26. b3 Rac8 ({Avoid the trap} 26... cxb3 $2 27. Qh7+ Kf7 28. Rc7+ Ke8 29. Rxg7 $18) 27. bxc4 Rxc4 28. Qh7+ Kf7 29. Rxc4 bxc4 30. f4 Rb8 31. f5 $19 (31. Kh2 $17) 31... Rb2 32. fxe6+ Ke7 33. Bc2 Qg5 34. Qg8 Bxe6 35. Re1 Qf6 36. d5 Qd4+ 37. Kh2 Rxc2 38. Rxe6+ 1-0

[Event "CRO-ch Youth U17 2020"]
[Site "Vinkovci"]
[Date "2020.07.28"]
[Round "1.5"]
[White "Neferanovic, Ivan"]
[Black "Jurakic, Lukas"]
[Result "0-1"]
[ECO "C47"]
[WhiteElo "1551"]
[BlackElo "2023"]
[Annotator "NA"]
[PlyCount "60"]
[EventDate "2020.07.28"]
[EventType "swiss"]
[EventCountry "CRO"]
[SourceTitle "playchess.com"]
[Source "ChessBase"]
[SourceQuality "1"]
[TimeControl "5400+30"]

1. e4 e5 2. Nf3 Nc6 3. Nc3 Nf6 4. d4 exd4 5. Nxd4 Bb4 6. Nxc6 bxc6 7. Bd3 d5 8. exd5 cxd5 9. O-O O-O 10. Bg5 c6 11. Qf3 Bd6 12. h3 Rb8 13. Rab1 Re8 {[%emt 0:04:30] C47: Scotch Four Knights and Four Knights with 4 g3.} 14. Bf4 {[%emt 0:04:30] [#]} Rb4 $146 ({Predecessor:} 14... Be6 15. Bxd6 Qxd6 16. b3 c5 17. Rbc1 Qb6 18. Bf5 d4 19. Bxe6 Qxe6 20. Na4 Ne4 21. Qd3 {0-1 (45) Kostrikina,A (2141)-Kotenko,P (2353) Taganrog 2014}) 15. Bxd6 Qxd6 16. Qg3 Qd8 17. a3 Rb7 18. f3 ({Better is} 18. b4 $11) 18... Rbe7 19. Rfe1 Qb6+ 20. Kf1 Rxe1+ 21. Rxe1 Qxb2 22. Rxe8+ Nxe8 23. Qe5 Kf8 24. a4 h6 25. Qd4 Qb6 26. Qf4 Ba6 27. Ke2 Bxd3+ 28. Kxd3 Qf2 $19 29. g4 Qf1+ 30. Ke3 Qc1+ 0-1

[Event "CRO-ch Youth U17 2020"]
[Site "Vinkovci"]
[Date "2020.07.28"]
[Round "1.6"]
[White "Randic, Petra"]
[Black "Bevanda, Ema"]
[Result "1-0"]
[ECO "A85"]
[WhiteElo "1794"]
[BlackElo "1554"]
[Annotator "NA"]
[PlyCount "59"]
[EventDate "2020.07.28"]
[EventType "swiss"]
[EventCountry "CRO"]
[SourceTitle "playchess.com"]
[Source "ChessBase"]
[SourceQuality "1"]
[TimeControl "5400+30"]

1. d4 e6 2. c4 f5 3. Nc3 Nf6 4. Nf3 Bb4 5. Bd2 d6 6. e3 b6 7. Qa4+ Nc6 8. d5 Bxc3 9. Bxc3 e5 10. dxc6 Ne4 11. Qc2 O-O 12. Be2 Qf6 13. Nd2 Nc5 14. O-O-O f4 15. e4 a6 16. g3 Ne6 17. Nf3 b5 18. Ba5 Ra7 19. g4 Nd8 20. g5 Qf7 21. b3 Nxc6 22. Bc3 b4 23. Ba1 Ne7 24. h4 Qe8 25. h5 Bg4 26. h6 g6 27. Qb2 Be6 28. Nxe5 dxe5 29. Qxe5 Nf5 30. Qh8+ 1-0

[Event "CRO-ch Youth U17 2020"]
[Site "Vinkovci"]
[Date "2020.07.28"]
[Round "1.7"]
[White "Vidovic, Petra"]
[Black "Dejanovic, Tereza"]
[Result "0-1"]
[ECO "B80"]
[WhiteElo "1537"]
[BlackElo "1788"]
[Annotator "NA"]
[PlyCount "60"]
[EventDate "2020.07.28"]
[EventType "swiss"]
[EventCountry "CRO"]
[SourceTitle "playchess.com"]
[Source "ChessBase"]
[SourceQuality "1"]
[TimeControl "5400+30"]

1. e4 c5 2. Nf3 d6 3. d4 cxd4 4. Nxd4 Nf6 5. Nc3 a6 6. f3 e6 7. Be3 b5 8. Qd2 Nbd7 9. O-O-O Bb7 10. Kb1 Rc8 11. Bd3 Ne5 12. Rhg1 Nxd3 13. cxd3 d5 14. Nce2 e5 15. Nf5 d4 16. Bg5 h6 17. Bxf6 gxf6 18. Rc1 a5 19. Rxc8 Bxc8 20. Neg3 Bb4 21. Qc1 a4 22. Nh5 Bxf5 23. Ng7+ Kd7 24. Nxf5 Qa5 25. Qd1 Rc8 26. Qe2 a3 27. Rc1 Rxc1+ 28. Kxc1 axb2+ 29. Kxb2 Ba3+ 30. Kb1 Qc3 0-1

[Event "CRO-ch Youth U17 2020"]
[Site "Vinkovci"]
[Date "2020.07.28"]
[Round "1.8"]
[White "Bedic, Noemi"]
[Black "Biljesko, Marija"]
[Result "1-0"]
[ECO "C64"]
[WhiteElo "1712"]
[BlackElo "1250"]
[Annotator "NA"]
[PlyCount "35"]
[EventDate "2020.07.28"]
[EventType "swiss"]
[EventCountry "CRO"]
[SourceTitle "playchess.com"]
[Source "ChessBase"]
[SourceQuality "1"]
[TimeControl "5400+30"]

1. e4 e5 2. Nf3 Nc6 3. Bb5 Bc5 4. c3 d6 5. d4 exd4 6. cxd4 Bb4+ 7. Nc3 Bd7 8. O-O h6 9. Re1 Nge7 10. a3 Bxc3 11. bxc3 O-O 12. Qd3 Ng6 13. Bc4 Na5 14. Ba2 c5 15. e5 cxd4 16. Qxg6 Kh8 17. Bxf7 Be8 18. Ng5 1-0

[Event "CRO-ch Youth U17 2020"]
[Site "Vinkovci"]
[Date "2020.07.29"]
[Round "2.6"]
[White "Smetisko, Lucija"]
[Black "Randic, Petra"]
[Result "1-0"]
[ECO "E60"]
[WhiteElo "1567"]
[BlackElo "1794"]
[Annotator "NA RC"]
[PlyCount "85"]
[EventDate "2020.07.28"]
[EventType "swiss"]
[EventCountry "CRO"]
[SourceTitle "playchess.com"]
[Source "ChessBase"]
[SourceQuality "1"]
[TimeControl "5400+30"]

1. d4 Nf6 2. c4 g6 3. Nd2 d5 4. Ngf3 Bg7 5. e3 O-O 6. Bd3 dxc4 7. Nxc4 Na6 8. O-O c5 9. b3 cxd4 10. Nxd4 Nb4 11. Be2 Nfd5 12. Bb2 Bd7 13. Qd2 Bh6 14. a3 Nc6 15. Rfd1 Nf6 16. Nf3 Bf5 17. Qc3 Qc7 18. Rac1 Bg7 19. b4 Rfd8 20. Qb3 Rxd1+ 21. Bxd1 Qd7 22. Nce5 Nxe5 23. Nxe5 Qd5 24. Qxd5 Nxd5 25. Bb3 Rd8 26. Rd1 e6 27. f3 f6 28. Nc4 b5 29. Na5 Bc2 30. Bxc2 Rc8 31. Bb3 Bh6 32. e4 Be3+ 33. Kf1 Nc7 34. Bxf6 Kf7 35. Be5 Ne8 36. Ke2 Bb6 37. Nb7 Rc6 38. Nd8+ Bxd8 39. Rxd8 Ke7 40. Rb8 Nf6 41. Rxb5 Nd7 42. Rb7 a6 43. Ba4 1-0

[Event "CRO-ch Youth U17 2020"]
[Site "Vinkovci"]
[Date "2020.07.29"]
[Round "2.7"]
[White "Dejanovic, Tereza"]
[Black "Mihaljevic, Eva"]
[Result "1-0"]
[ECO "C05"]
[WhiteElo "1788"]
[BlackElo "1223"]
[Annotator "NA RC"]
[PlyCount "79"]
[EventDate "2020.07.28"]
[EventType "swiss"]
[EventCountry "CRO"]
[SourceTitle "playchess.com"]
[Source "ChessBase"]
[SourceQuality "1"]
[TimeControl "5400+30"]

1. e4 e6 2. d4 d5 3. Nd2 Nf6 4. e5 Nfd7 5. c3 c5 6. f4 Nc6 7. Ndf3 cxd4 8. cxd4 a5 9. Ne2 Nb6 10. Nc3 a4 11. a3 Bd7 12. Bd3 Na5 13. O-O g6 14. Rb1 Bc6 15. Be3 Nbc4 16. Bf2 Nb3 17. Qe2 b5 18. Na2 Qb6 19. Nb4 Bxb4 20. axb4 h6 21. Bc2 Qa7 22. Qd3 Qe7 23. Be1 Ra6 24. Bxb3 axb3 25. Qxb3 Qa7 26. Qc3 Bd7 27. b3 Nb6 28. Bh4 O-O 29. Be7 Rc8 30. Bc5 Qb7 31. Ra1 Rca8 32. Ra5 Nc8 33. Rfa1 Rxa5 34. Rxa5 Bc6 35. Qa1 Rxa5 36. bxa5 b4 37. a6 Qb5 38. a7 Ba8 39. Qe1 Kh7 40. h3 1-0

[Event "CRO-ch Youth U17 2020"]
[Site "Vinkovci"]
[Date "2020.07.29"]
[Round "3.1"]
[White "Levacic, Matej"]
[Black "Perusko, Niko"]
[Result "1-0"]
[ECO "A06"]
[WhiteElo "2040"]
[BlackElo "1902"]
[Annotator "ChessBase"]
[PlyCount "57"]
[EventDate "2020.07.28"]
[EventType "swiss"]
[EventCountry "CRO"]
[SourceTitle "playchess.com"]
[Source "ChessBase"]
[SourceQuality "1"]
[TimeControl "5400+30"]

1. d4 c6 2. c4 e6 3. Nf3 d5 4. e3 Nf6 5. b3 Nbd7 6. Bd3 Bd6 7. Bb2 O-O 8. Nbd2 Qe7 9. Ne5 c5 10. O-O Rd8 11. f4 Nf8 12. Qc2 Qc7 13. Rf3 b6 14. Rh3 Bb7 15. Rf1 Ng6 16. f5 exf5 17. Bxf5 Bc8 18. cxd5 Bxe5 19. dxe5 Nxd5 20. Nc4 Nb4 21. Qe4 Bxf5 22. Qxf5 Qe7 23. Qh5 h6 24. Nd6 Qe6 25. Nxf7 Rf8 26. Rf6 Qd5 27. Nxh6+ gxh6 28. Qxg6+ Kh8 29. Rxh6# 1-0

[Event "CRO-ch Youth U17 2020"]
[Site "Vinkovci"]
[Date "2020.07.29"]
[Round "3.2"]
[White "Kovac, Petar"]
[Black "Jurakic, Lukas"]
[Result "1-0"]
[ECO "D97"]
[WhiteElo "1949"]
[BlackElo "2023"]
[Annotator "ChessBase"]
[PlyCount "71"]
[EventDate "2020.07.28"]
[EventType "swiss"]
[EventCountry "CRO"]
[SourceTitle "playchess.com"]
[Source "ChessBase"]
[SourceQuality "1"]
[TimeControl "5400+30"]

1. d4 Nf6 2. c4 g6 3. Nc3 d5 4. Nf3 Bg7 5. Qb3 dxc4 6. Qxc4 O-O 7. e4 Na6 8. Bg5 c5 9. d5 h6 10. Bh4 Qa5 11. Qb5 Qxb5 12. Bxb5 Nc7 13. a4 Nxb5 14. axb5 b6 15. O-O e6 16. Rfd1 Nh5 17. Be7 Re8 18. d6 Bd7 19. e5 g5 20. h3 Nf4 21. Ne4 Ng6 22. Nf6+ Bxf6 23. exf6 a6 24. bxa6 Ra7 25. b4 cxb4 26. Rdb1 Rc8 27. Rxb4 b5 28. Nd4 Rc5 29. Ra5 Rc1+ 30. Kh2 Nf4 31. Nxb5 Ra8 32. Nc7 Ra7 33. Rb7 Bc6 34. d7 Bxd7 35. Rc5 Rxa6 36. Nxa6 1-0

[Event "CRO-ch Youth U17 2020"]
[Site "Vinkovci"]
[Date "2020.07.29"]
[Round "3.3"]
[White "Ljubicic, Mario"]
[Black "Troselj, Ivan"]
[Result "1/2-1/2"]
[ECO "B40"]
[WhiteElo "1966"]
[BlackElo "1857"]
[Annotator "ChessBase"]
[PlyCount "109"]
[EventDate "2020.07.28"]
[EventType "swiss"]
[EventCountry "CRO"]
[SourceTitle "playchess.com"]
[Source "ChessBase"]
[SourceQuality "1"]
[TimeControl "5400+30"]

1. e4 e6 2. d3 c5 3. g3 Nc6 4. Bg2 Nf6 5. Nf3 Be7 6. O-O O-O 7. Qe2 b6 8. Bf4 Bb7 9. Nbd2 d6 10. h4 h6 11. c3 Ba6 12. Nb3 Rc8 13. Rfd1 e5 14. Bd2 Qd7 15. Nh2 d5 16. Qf3 dxe4 17. dxe4 c4 18. Be3 Qe6 19. Nd2 Rcd8 20. g4 Nh7 21. Qg3 g5 22. hxg5 hxg5 23. Nhf1 Nf6 24. Bxg5 Qxg4 25. Qxg4 Nxg4 26. Bxe7 Nxe7 27. Bh3 Nh6 28. Ne3 b5 29. a4 f5 30. axb5 Bxb5 31. exf5 Nhxf5 32. Bxf5 Nxf5 33. Ndxc4 Nxe3 34. Rxd8 Nxc4 35. Rxf8+ Kxf8 36. Rxa7 Ke8 37. b3 Nd2 38. Ra5 Bc6 39. b4 Kd7 40. Kh2 Kd6 41. Ra6 Kd5 42. Ra5+ Kd6 43. b5 Bb7 44. Ra7 Kc7 45. Ra2 Ne4 46. Re2 Kd6 47. Re3 Nxf2 48. Kg3 Ne4+ 49. Kg4 Bc8+ 50. Kh5 Nf6+ 51. Kg6 Nd5 52. Re4 Be6 53. Ra4 Nxc3 54. Ra6+ Kd5 55. b6 1/2-1/2

[Event "CRO-ch Youth U17 2020"]
[Site "Vinkovci"]
[Date "2020.07.29"]
[Round "3.4"]
[White "Mrvac, Petar"]
[Black "Vucenovic, Damian"]
[Result "1-0"]
[ECO "C50"]
[WhiteElo "1848"]
[BlackElo "1959"]
[Annotator "ChessBase"]
[PlyCount "109"]
[EventDate "2020.07.28"]
[EventType "swiss"]
[EventCountry "CRO"]
[SourceTitle "playchess.com"]
[Source "ChessBase"]
[SourceQuality "1"]
[TimeControl "5400+30"]

1. e4 e5 2. Nf3 Nc6 3. Bc4 Bc5 4. Nc3 Nf6 5. d3 d6 6. h3 Be6 7. Bb3 Qd7 8. Be3 Bb4 9. a3 Ba5 10. Ba4 Bxc3+ 11. bxc3 a6 12. Bg5 b5 13. Bb3 Ne7 14. Bxf6 gxf6 15. d4 Bxb3 16. cxb3 Rg8 17. Rg1 Ng6 18. dxe5 fxe5 19. Qd5 Rb8 20. g3 a5 21. O-O-O b4 22. cxb4 axb4 23. a4 Rb6 24. Kb2 Qc6 25. Qd3 Ne7 26. Rc1 Qb7 27. h4 h6 28. Qe3 c5 29. Rgd1 Rg6 30. Nd2 Ra6 31. Nc4 Re6 32. Rd2 Qc7 33. Rcd1 f5 34. f3 Kd8 35. Qd3 fxe4 36. fxe4 Kd7 37. Nxe5+ Rxe5 38. Qxa6 Nc6 39. Qc4 Ne7 40. Rf1 Qc6 41. Rf6 Kc7 42. Rdxd6 Qxd6 43. Rxd6 Kxd6 44. Kc2 Nc6 45. Kd3 Re6 46. Qd5+ Ke7 47. Qxc5+ Kf7 48. a5 Ne5+ 49. Kd4 Kf6 50. Qf8+ Nf7 51. e5+ Kg6 52. Qg8+ Kf5 53. Qxf7+ Kg4 54. Qxe6+ Kh5 55. Qf5# 1-0

[Event "CRO-ch Youth U17 2020"]
[Site "Vinkovci"]
[Date "2020.07.29"]
[Round "3.5"]
[White "Baturina, Marin"]
[Black "Karlusic, Luka"]
[Result "0-1"]
[ECO "D31"]
[WhiteElo "1740"]
[BlackElo "2169"]
[Annotator "RC"]
[PlyCount "78"]
[EventDate "2020.07.28"]
[EventType "swiss"]
[EventCountry "CRO"]
[SourceTitle "playchess.com"]
[Source "ChessBase"]
[SourceQuality "1"]
[TimeControl "5400+30"]

1. d4 d5 2. c4 e6 3. Nc3 c6 4. Nf3 dxc4 5. e3 b5 6. a4 Bb4 7. Be2 Bb7 8. O-O a6 9. Bd2 Qe7 10. b3 Bxc3 11. Bxc3 b4 12. Be1 c3 13. Ne5 Nd7 14. Nc4 a5 15. f3 Ba6 16. Bg3 Bxc4 17. Bxc4 Ngf6 18. e4 Nb6 19. Be2 Nh5 20. Bf2 Nf4 21. Bg3 Nxe2+ 22. Qxe2 O-O 23. Rad1 Rfd8 24. Bf2 Qb7 25. Rd3 Qa6 26. Rfd1 Rd7 27. d5 cxd5 28. Bxb6 Qxb6+ 29. Kh1 d4 30. Qc2 e5 31. g4 Qh6 32. Kg2 Qf4 33. h3 g6 34. Rg1 Kh8 35. Kf1 f5 36. Qe2 fxe4 37. Qxe4 Qxe4 38. fxe4 Rf7+ 39. Ke2 Raf8 0-1

[Event "CRO-ch Youth U17 2020"]
[Site "Vinkovci"]
[Date "2020.07.29"]
[Round "3.6"]
[White "Bedic, Noemi"]
[Black "Dejanovic, Tereza"]
[Result "1-0"]
[ECO "B83"]
[WhiteElo "1712"]
[BlackElo "1788"]
[Annotator "NA"]
[PlyCount "75"]
[EventDate "2020.07.28"]
[EventType "swiss"]
[EventCountry "CRO"]
[SourceTitle "playchess.com"]
[Source "ChessBase"]
[SourceQuality "1"]
[TimeControl "5400+30"]

1. e4 c5 2. Nc3 Nc6 3. Nf3 d6 4. d4 cxd4 5. Nxd4 Nf6 6. Be2 e6 7. Be3 Be7 8. Qd2 a6 9. g4 h6 10. g5 hxg5 11. Bxg5 Nxd4 12. Qxd4 e5 13. Qd3 Rh3 14. Qd2 Ng4 15. Bxe7 Qxe7 16. Nd5 Qd8 17. Rg1 Rxh2 18. O-O-O Rxf2 19. Qd3 f5 20. exf5 Bxf5 21. Qd2 Rc8 22. Nc3 Qb6 23. Qd5 Rxe2 24. Qg8+ Kd7 25. Qf7+ Kd8 26. Qf8+ Kc7 27. Nd5+ Kb8 28. Qxc8+ Kxc8 29. Nxb6+ Kc7 30. Nd5+ Kd7 31. Rd2 Rxd2 32. Kxd2 g6 33. Rxg4 Ke6 34. Nc7+ Kd7 35. Rc4 b5 36. Rc3 b4 37. Rc4 Kd8 38. Nxa6 1-0

[Event "CRO-ch Youth U17 2020"]
[Site "Vinkovci"]
[Date "2020.07.29"]
[Round "3.7"]
[White "Mihaljevic, Eva"]
[Black "Smetisko, Lucija"]
[Result "1-0"]
[ECO "D00"]
[WhiteElo "1223"]
[BlackElo "1567"]
[Annotator "NA RC"]
[PlyCount "47"]
[EventDate "2020.07.28"]
[EventType "swiss"]
[EventCountry "CRO"]
[SourceTitle "playchess.com"]
[Source "ChessBase"]
[SourceQuality "1"]
[TimeControl "5400+30"]

1. d4 Nf6 2. Bf4 d5 3. e3 e6 4. Nd2 Bd6 5. Bg3 O-O 6. c3 Nbd7 7. Ngf3 Bxg3 8. hxg3 c5 9. Bd3 h6 10. Ne5 Qc7 11. f4 a6 12. g4 c4 13. Bc2 Nxe5 14. dxe5 Ne8 15. g5 f6 16. exf6 gxf6 17. Rxh6 f5 18. Qh5 Qg7 19. Rg6 b5 20. Rxg7+ Nxg7 21. Qh4 Ra7 22. g6 Ne8 23. Ke2 Rg7 24. Rh1 1-0

[Event "CRO-ch Youth U17 2020"]
[Site "Vinkovci"]
[Date "2020.07.30"]
[Round "4.1"]
[White "Kovac, Petar"]
[Black "Levacic, Matej"]
[Result "0-1"]
[ECO "E01"]
[WhiteElo "1949"]
[BlackElo "2040"]
[Annotator "RC"]
[PlyCount "156"]
[EventDate "2020.07.28"]
[EventType "swiss"]
[EventCountry "CRO"]
[SourceTitle "playchess.com"]
[Source "ChessBase"]
[SourceQuality "1"]
[TimeControl "5400+30"]

1. d4 Nf6 2. c4 e6 3. Nf3 d5 4. g3 Bb4+ 5. Bd2 Bd6 6. Bg2 O-O 7. O-O c6 8. Qc2 Nbd7 9. Rd1 Ne4 10. Bf4 Bxf4 11. gxf4 b6 12. Nc3 Nxc3 13. bxc3 Qc7 14. cxd5 cxd5 15. e3 Ba6 16. Rac1 Rac8 17. Kh1 Nf6 18. Nd2 Qe7 19. Qa4 Be2 20. Re1 Bd3 21. Qb4 Rfe8 22. Bf1 Ng4 23. Qxe7 Rxe7 24. f3 Bxf1 25. fxg4 Bd3 26. e4 dxe4 27. Nxe4 Rec7 28. Nd6 Rd8 29. Ne4 Rc6 30. Nf2 Bc4 31. a3 Bd5+ 32. Kg1 Rdc8 33. Re3 Rc4 34. Rd3 Kf8 35. h3 h6 36. Kh2 g5 37. Kg3 b5 38. fxg5 hxg5 39. Nd1 Be4 40. Re3 f5 41. gxf5 exf5 42. Kh2 Rxd4 43. Nf2 Rd2 44. Kg1 Bb7 45. Rce1 Rcd8 46. Re6 R2d6 47. R6e5 Rd5 48. Re6 Bc8 49. Rg6 f4 50. Rc6 a5 51. Rb6 Bd7 52. Ra6 a4 53. Rb6 Re8 54. Rxe8+ Kxe8 55. Ne4 Ke7 56. Nf2 Rc5 57. Rb7 Rxc3 58. Ne4 Rxa3 59. Nc5 Ra1+ 60. Kf2 Rd1 61. Nxd7 Rxd7 62. Rxb5 Kf6 63. Ra5 Rd4 64. Kg2 Rd2+ 65. Kg1 Rd3 66. Ra6+ Kf5 67. Ra5+ Kf6 68. Ra6+ Kg7 69. Rxa4 Rxh3 70. Ra6 Rh6 71. Ra7+ Kg6 72. Kf2 Rh3 73. Ra8 Kf5 74. Kg2 Rb3 75. Ra2 g4 76. Ra4 Rb2+ 77. Kg1 f3 78. Kf1 Kg5 0-1

[Event "CRO-ch Youth U17 2020"]
[Site "Vinkovci"]
[Date "2020.07.30"]
[Round "4.2"]
[White "Karlusic, Luka"]
[Black "Mrvac, Petar"]
[Result "1-0"]
[ECO "D36"]
[WhiteElo "2169"]
[BlackElo "1848"]
[Annotator "ChessBase"]
[PlyCount "61"]
[EventDate "2020.07.28"]
[EventType "swiss"]
[EventCountry "CRO"]
[SourceTitle "playchess.com"]
[Source "ChessBase"]
[SourceQuality "1"]
[TimeControl "5400+30"]

1. d4 Nf6 2. c4 e6 3. Nc3 d5 4. cxd5 exd5 5. Bg5 Be7 6. e3 O-O 7. Bd3 c6 8. Qc2 h6 9. Bh4 Nbd7 10. Nge2 Re8 11. O-O Nf8 12. Rae1 Ng4 13. Bxe7 Qxe7 14. h3 Nf6 15. Ng3 Bd7 16. Na4 g6 17. Nc5 Rab8 18. f3 Qd6 19. Qf2 Ne6 20. Nxe6 Qxe6 21. e4 Nh7 22. h4 Kg7 23. Ne2 Rf8 24. h5 g5 25. Ng3 Qd6 26. e5 Qe7 27. Qc2 Rh8 28. Bf5 Be6 29. Bxe6 fxe6 30. Qg6+ Kf8 31. f4 1-0

[Event "CRO-ch Youth U17 2020"]
[Site "Vinkovci"]
[Date "2020.07.30"]
[Round "4.3"]
[White "Troselj, Ivan"]
[Black "Damjanovic, Stjepan"]
[Result "1-0"]
[ECO "B22"]
[WhiteElo "1857"]
[BlackElo "1867"]
[Annotator "NA"]
[PlyCount "65"]
[EventDate "2020.07.28"]
[EventType "swiss"]
[EventCountry "CRO"]
[SourceTitle "playchess.com"]
[Source "ChessBase"]
[SourceQuality "1"]
[TimeControl "5400+30"]

1. e4 c5 2. Nf3 Nc6 3. c3 d5 4. exd5 Qxd5 5. d4 g6 6. Be3 {[%emt 0:01:30] B22: Sicilian: 2 c3.} Bg7 7. Be2 cxd4 8. cxd4 Nh6 9. Nc3 Qa5 10. d5 {[%emt 0:05:30] [#]} Nb4 $146 ({Predecessor:} 10... Nb8 11. Bxh6 Bxh6 12. Qd4 O-O 13. O-O Bg7 14. Qh4 Qd8 15. Rad1 Na6 16. Rfe1 Re8 {½-½ (25) Szegi,T (2092)-Janko,Z (1960) Dunajska Streda 1999}) 11. Bb5+ Bd7 12. Bxd7+ Kxd7 13. Bxh6 Bxh6 14. a3 Na6 15. Ne5+ Ke8 16. O-O Bg7 17. Re1 Bxe5 18. Rxe5 f6 19. Re3 Kf7 20. d6 exd6 21. Qb3+ Kf8 22. Qxb7 $18 Nc7 23. Nd5 Nxd5 24. Qxa8+ Kg7 25. Qb7+ Kh6 26. Rh3+ Kg5 27. b4 Qa4 28. Qxd5+ f5 29. f4+ Kxf4 30. Qd2+ Ke5 31. Re1+ Kf6 32. Qd4+ Kf7 33. Qxh8 1-0

[Event "CRO-ch Youth U17 2020"]
[Site "Vinkovci"]
[Date "2020.07.30"]
[Round "4.4"]
[White "Mazuran, Gabrijel"]
[Black "Ljubicic, Mario"]
[Result "0-1"]
[ECO "E71"]
[WhiteElo "2053"]
[BlackElo "1966"]
[Annotator "ChessBase"]
[PlyCount "88"]
[EventDate "2020.07.28"]
[EventType "swiss"]
[EventCountry "CRO"]
[SourceTitle "playchess.com"]
[Source "ChessBase"]
[SourceQuality "1"]
[TimeControl "5400+30"]

1. d4 Nf6 2. c4 g6 3. Nc3 Bg7 4. e4 d6 5. h3 O-O 6. Be3 e5 7. d5 a5 8. g4 Na6 9. Nge2 Nd7 10. g5 Ndc5 11. Ng3 f5 12. gxf6 Bxf6 13. Qd2 Nb4 14. O-O-O Nxa2+ 15. Kb1 Nb3 16. Qc2 Nxc3+ 17. bxc3 a4 18. Be2 Bd7 19. Rdg1 Kh8 20. h4 Bxh4 21. Rg2 Bxg3 22. Rxg3 Qf6 23. Rf3 Qe7 24. Rg3 Kg8 25. Bh5 Be8 26. Bh6 Rf4 27. Bxf4 exf4 28. Rgg1 Qxe4 29. Qxe4 Nd2+ 30. Kc2 Nxe4 31. Bf3 Nc5 32. Ra1 a3 33. Kb1 Bd7 34. Bd1 Ne4 35. Kc2 Nxf2 36. Rf1 Nxd1 37. Kxd1 g5 38. Kc2 Bf5+ 39. Kb3 a2 40. Rxa2 Rxa2 41. Kxa2 Bd3 42. Rg1 Bxc4+ 43. Kb2 h6 44. Kc2 f3 0-1

[Event "CRO-ch Youth U17 2020"]
[Site "Vinkovci"]
[Date "2020.07.30"]
[Round "4.5"]
[White "Vucenovic, Damian"]
[Black "Dabic, Stjepan"]
[Result "1-0"]
[ECO "B50"]
[WhiteElo "1959"]
[BlackElo "2120"]
[Annotator "RC"]
[PlyCount "96"]
[EventDate "2020.07.28"]
[EventType "swiss"]
[EventCountry "CRO"]
[SourceTitle "playchess.com"]
[Source "ChessBase"]
[SourceQuality "1"]
[TimeControl "5400+30"]

1. e4 c5 2. Nf3 d6 3. c3 Nf6 4. h3 Nc6 5. Bd3 d5 6. e5 Nd7 7. Qe2 e6 8. O-O Qc7 9. Re1 Be7 10. Bc2 O-O 11. a3 a5 12. d4 b6 13. Bg5 f6 14. exf6 Nxf6 15. Ne5 Nxe5 16. Qxe5 Bd6 17. Qe2 Bd7 18. Bxf6 Rxf6 19. Nd2 cxd4 20. Qd3 g6 21. Qxd4 Raf8 22. Nf3 Bc6 23. Bb3 a4 24. Ba2 h6 25. Re2 Kh7 26. Rae1 Bc5 27. Qe5 Qf7 28. Nd4 Rxf2 29. Qxe6 Rf1+ 30. Rxf1 Qxf1+ 31. Kh2 Rf6 32. Qe3 Bd6+ 33. g3 Bd7 34. Rg2 h5 35. Qe2 Qa1 36. Bxd5 h4 37. Rg1 hxg3+ 38. Kh1 Qxg1+ 39. Kxg1 Rf2 40. Qe4 Rf4 41. Qd3 Bxh3 42. Bg2 Bxg2 43. Kxg2 Rf2+ 44. Kg1 Rxb2 45. Ne6 Bxa3 46. Qxg3 Rb3 47. Qh4+ Kg8 48. Qf6 Bd6 1-0